 Dungeon Crawl Stone Soup version 0.28.0-47-ge53b351184 (webtiles) character file.

Game seed: 14544254909085124791

103 seaoflcl the Slasher (level 5, -5/41 HPs)
             Began as a Human Fighter on May 2, 2022.
             Slain by an iguana (9 damage)
             ... on level 2 of the Dungeon.
             The game lasted 00:02:00 (2344 turns).

seaoflcl the Slasher (Human Fighter)                Turns: 2344, Time: 00:02:00

Health: -5/41      AC: 10    Str: 18    XL:     5   Next: 6%
Magic:  5/5        EV:  9    Int:  9    God:
Gold:   77         SH:  4    Dex: 12    Spells: 4/4 levels left

rFire   . . .      SeeInvis .   a - +0 long sword
rCold   . . .      Faith    .   c - +0 buckler
rNeg    . . .      Spirit   .   b - +0 scale mail
rPois   .          Reflect  .   i - +1 helmet
rElec   .          Harm     .   (no cloak)
rCorr   .          Rampage  .   h - +0 pair of gloves
Will    .....                   (no boots)
Stlth   ..........              (no amulet)
HPRegen 0.13/turn               (no ring)
MPRegen 0.09/turn               (no ring)

@: no status effects
A: no striking features
a: no special abilities


You were on level 2 of the Dungeon.
You visited 1 branch of the dungeon, and saw 3 of its levels.

You collected 77 gold pieces.

Inventory:

Hand Weapons
 a - a +0 long sword (weapon)
Armour
 b - a +0 scale mail (worn)
 c - a +0 buckler (worn)
 h - a +0 pair of gloves (worn)
 i - a +1 helmet (worn)
Wands
 k - a wand of flame (17)
Scrolls
 e - a scroll of blinking {unknown}
 g - a scroll of torment {unknown}
 j - a scroll of immolation {unknown}
 m - a scroll of enchant weapon {unknown}
 o - a scroll of vulnerability {unknown}
 q - a scroll of noise {unknown}
Potions
 d - a potion of might
 f - a potion of cancellation {unknown}
 l - 2 potions of curing {unknown}
 n - a potion of flight {unknown}
 p - a potion of lignification {unknown}


   Skills:
 - Level 3.0 Fighting
 * Level 4.8 Long Blades
 - Level 3.0 Armour
 - Level 3.0 Shields


You had 4 spell levels left.
You didn't know any spells.
Your spell library contained the following spells:

 Spells                   Type           Power      Damage    Failure   Level
 Sublimation of Blood     Necr           0%         N/A       94%         2
 Wereblood                Tmut           0%         N/A       94%         2
 Summon Hydra             Summ           0%         N/A       100%        7


Dungeon Overview and Level Annotations

Branches:
Dungeon (3/15)

Altars:
Vehumet


Message History

HP restored.
There is a stone staircase leading down, spattered with blood here.
Things that are here:
a +0 club; a goblin corpse
Things that are here:
a +0 flail; an orc corpse You see here a +0 dagger.
Things that are here:
a +0 short sword; a +0 whip; an orc corpse
There is a stone staircase leading down, spattered with blood here.
You climb downwards.
The water moccasin skeleton bites you. The iguana closely misses you.
There is a stone staircase leading up, spattered with blood here.
The iguana closely misses you. The orc hits you but does no damage.
You climb upwards.
There is a stone staircase leading down, spattered with blood here.
You barely miss the orc. The iguana bites you!
The orc hits you but does no damage.
You slash the orc!
You kill the orc!
The iguana bites you.
The iguana bites you but does no damage.
The iguana bites you.
You see here a +0 mace.
You barely miss the iguana. The iguana completely misses you.
You hit the iguana.
The iguana is moderately wounded.
The iguana bites you!
* * * LOW HITPOINT WARNING * * *
You slash the iguana!
The iguana is severely wounded.
The iguana completely misses you.
You barely miss the iguana.
The iguana is severely wounded.
The iguana bites you.
* * * LOW HITPOINT WARNING * * *
You hit the iguana but do no damage.
The iguana is severely wounded.
The iguana bites you!
You die...

#..#............##
.#..#............#
.................#
..#.#............#
#...##..........##
##..###...#....##
###..##...#..###
..#..###..#..######
#..#####......)>@.#
..............)l).#
##................#
#########.........#
..................# #####
.......##.........###...#
..†....##...............#
.......##.###.##.####...#
.......##.# #.##.####...#


You could see an iguana.

Vanquished Creatures
  Jessica (D:2)
  A gnoll (D:1)
  2 adders (D:2)
  5 orcs
  3 ball pythons
  5 bats (D:1)
  3 endoplasms (D:2)
  3 giant cockroaches
  4 hobgoblins
  A quokka (D:1)
  5 goblins (D:2)
  4 kobolds (D:2)
  5 rats
42 creatures vanquished.

Notes
Turn   | Place    | Note
-------+----------+-------------------------------------------
     0 | D:1      | seaoflcl the Human Fighter began the quest for the Orb.
     0 | D:1      | Reached XP level 1. HP: 18/18 MP: 1/1
   172 | D:1      | Reached XP level 2. HP: 24/24 MP: 2/2
   304 | D:1      | Reached skill level 3 in Long Blades
   714 | D:1      | Reached XP level 3. HP: 29/29 MP: 3/3
  1435 | D:2      | Noticed Jessica
  1444 | D:2      | Killed Jessica
  1445 | D:2      | Reached skill level 4 in Long Blades
  1445 | D:2      | Reached XP level 4. HP: 26/35 MP: 4/4
  1575 | D:2      | Found a faded altar of an unknown god.
  2096 | D:3      | Found a radiant altar of Vehumet.
  2152 | D:2      | Reached XP level 5. HP: 24/41 MP: 5/5
  2344 | D:2      | Slain by an iguana

Illustrated notes

Levels and vault maps discovered:
D:1:      zelgadis_glass_arrival_small, layout_basic, minmay_misc_feat_chi
D:2:      layout_rooms, chequers_ecumenical_altar_simple_redux,
          minmay_pentomino_q4, uniq_jessica
D:3:      layout_rooms, old_standard_altar

Skill      XL: |  1  2  3 |
---------------+----------+-----
Long Blades    | 3 4 |  4.8
Fighting       | |  3.0
Armour         | |  3.0
Shields        | |  3.0

Action                   |  1- 3 |  4- 6 || total
-------------------------+-------+-------++-------
Melee: Long sword        |    53 |    73 ||   126
Armor: Scale mail        |    24 |    50 ||    74
Dodge: Dodged            |    22 |    43 ||    65
Block: Buckler           |    14 |    18 ||    32
